Map: Blackburn LE

Players

Solar

  • Race: Zerg Zerg
  • League: Master

ByuN - Winner!

  • Race: Terran Terran

Event: StayAtHome Story Cup #4

VOD

Have the link to the VOD?

Description

Time

  • Played on: Oct. 24, 2021, 10:37 a.m.
  • Length: 5:29

All games in this series

Show
View Real Time Build Order
Export as new Build Order

Solar Zerg 

Build Orders: Hatch First 

Get SALT Encoding   

  12  0:00  Drone  
  13  0:12  Overlord  
  13  0:16  Drone  
  14  0:31  Drone x2  
  16  0:48  Hatchery  
  15  0:51  Drone  
  15  0:54  Drone  
  17  0:58  Drone  
  18  1:09  Extractor  
  17  1:13  Spawning Pool  
  17  1:16  Drone  
  17  1:20  Drone  
  18  1:28  Drone  
  19  1:40  Drone  
  20  1:50  Drone  
  21  1:59  Queen x2  
  21  2:00  Zergling x4  
  27  2:11  Overlord  
  27  2:13  Drone  
  28  2:22  Hatchery  
  28  2:25  Drone  
  28  2:30  Drone  
  28  2:36  Queen  
  31  2:42  Drone  
  31  2:44  Metabolic Boost  
  32  2:49  Overlord  
  32  2:51  Drone  
  33  2:54  Drone  
  33  2:56  Drone  
  35  2:58  Drone  
  36  3:09  Drone x2  
  36  3:10  Drone x3  
  41  3:16  Queen  
  42  3:20  Overlord  
  42  3:22  Drone  
  43  3:27  Overlord  
  43  3:34  Queen  
  43  3:35  Drone  
  43  3:36  Drone  
  43  3:37  Drone  
  43  3:40  Drone x2  
  50  3:42  Drone  
  50  3:44  Zergling x2  
  50  3:46  Zergling x2  
  50  3:47  Zergling x2  
  54  3:52  Queen  
  54  3:55  Drone x2  
  58  3:58  Drone x2  
  58  4:01  Overlord  
  60  4:04  Zergling x2  
  60  4:07  Zergling x4  
  63  4:11  Queen  
  65  4:18  Queen  
  65  4:20  Zergling x6  
  65  4:22  Overlord  
  70  4:26  Drone, Baneling Nest  
  70  4:28  Drone  
  70  4:29  Drone  
  72  4:34  Zergling x4  
  72  4:36  Overlord  
  74  4:40  Queen  
  74  4:45  Drone  
  73  4:47  Queen  
  73  4:49  Drone  
  73  4:51  Zergling x12  
  76  4:53  Zergling x2  
  76  4:56  Zergling x2  
  77  5:03  Drone  
  77  5:04  Drone  
  77  5:05  Drone  
  71  5:10  Drone  
  71  5:14  Drone  
  71  5:16  Drone  
  71  5:20  Extractor  
  72  5:21  Extractor  
  72  5:22  Spore Crawler  
  72  5:26  Spore Crawler  
  73  5:28  Spore Crawler  
Show
View Real Time Build Order
Export as new Build Order

ByuN Terran - Winner!

Build Orders: Hellion Opening 

Get SALT Encoding   

  12  0:00  SCV  
  13  0:12  SCV  
  14  0:17  Supply Depot  
  14  0:24  SCV  
  15  0:38  SCV, Barracks  
  16  0:43  Refinery  
  16  0:50  SCV  
  17  1:02  SCV  
  18  1:15  SCV  
  19  1:26  Barracks Reactor  
  19  1:27  Orbital Command  
  19  1:38  Command Center  
  19  1:52  SCV  
  19  1:53  Supply Depot  
  20  2:03  Marine  
  20  2:04  Factory  
  20  2:05  Marine  
  23  2:08  SCV  
  23  2:20  SCV  
  23  2:22  Marine  
  25  2:23  Marine  
  26  2:32  SCV  
  26  2:34  Refinery  
  27  2:44  SCV  
  28  2:51  Starport  
  28  2:54  Marine  
  28  2:55  Hellion x2  
  28  2:56  SCV  
  34  3:09  Orbital Command  
  34  3:15  Marine  
  34  3:16  SCV, Hellion x2  
  40  3:24  Supply Depot  
  40  3:28  Medivac  
  40  3:31  SCV  
  40  3:33  Marine  
  44  3:38  Armory  
  44  3:46  Hellion  
  44  3:48  Hellion  
  48  3:50  SCV  
  48  3:51  SCV  
  48  3:54  Marine  
  51  3:59  Starport Tech Lab  
  51  4:00  Supply Depot  
  51  4:03  SCV x2  
  53  4:15  SCV  
  54  4:21  SCV, Hellion  
  57  4:27  SCV, Hellion  
  60  4:33  SCV  
  61  4:39  SCV  
  61  4:43  Hellion  
  60  4:45  SCV  
  60  4:51  SCV  
  61  4:57  Supply Depot, SCV  
  61  4:59  Hellion  
  62  5:03  SCV  
  62  5:05  Hellion  
  57  5:10  SCV  
  57  5:11  Barracks Tech Lab  
  56  5:15  SCV  
  56  5:19  Command Center  
  56  5:21  Supply Depot  
Tags
 
Add a new tag
Caveats
  • Supply blocks, unpowered buildings, or Contaminate may cause inaccurate times.
  • Supply counts are checked every 10 seconds.